 Dungeon Crawl Stone Soup version 0.29-a0-380-gf50f0a9fbc (console) character file.

Game seed: 13617197793961008128

31493 zeva the Basher (level 13, -7/103 HPs)
             Began as a Formicid Wanderer on May 5, 2022.
             Was a High Priest of Zin.
             Mangled by a large abomination (24 damage)
             ... in a Gauntlet.
             The game lasted 00:33:14 (15684 turns).

zeva the Basher (Formicid Wanderer)                Turns: 15684, Time: 00:33:14

Health: -7/103     AC: 22    Str: 32    XL:     13   Next: 96%
Magic:  23/23      EV:  8    Int: 14    God:    Zin [*****.]
Gold:   842        SH:  6    Dex: 19    Spells: 12/12 levels left

rFire   + + .      SeeInvis +   a - +1 dire flail
rCold   + . .      Faith    .   q - +0 buckler
rNeg    . . .      Spirit   .   J - +2 plate armour {rF+}
rPois   ∞          Reflect  .   (helmet unavailable)
rElec   .          Harm     .   Q - scarf {rC+ rF+}
rCorr   .          Rampage  .   n - +0 pair of gloves
Will    ++...                   e - +2 pair of boots {Stlth+}
Stlth   ..........              g - amulet of regeneration
HPRegen 1.07/turn               G - ring of willpower
MPRegen 0.18/turn               A - +6 ring of strength

@: vitalised, on recite cooldown
A: permanent stasis, dig shafts and tunnels, antennae 3, four strong arms
a: Dig, Renounce Religion, Recite, Vitalisation, Imprison, Sanctuary, Donate
Gold


You were in a Gauntlet.
You worshipped Zin.
Zin was extremely pleased with you.
You visited 3 branches of the dungeon, and saw 18 of its levels.
You also visited: Ossuary and Gauntlet.

You collected 935 gold pieces.
You donated 93 gold pieces to Zin.

Inventory:

Hand Weapons
 a - a +1 dire flail (weapon)
 b - the +10 dark maul {vorpal}
   (You acquired it on level 10 of the Dungeon)

   It inflicts extra damage upon your enemies.
Missiles
 d - 38 poisoned darts (quivered)
 I - 2 throwing nets
Armour
 e - a +2 pair of boots of stealth (worn)
 n - a +0 pair of gloves (worn)
 q - a +0 buckler (worn)
 w - a +1 cloak
 J - a +2 plate armour of fire resistance (worn)
 Q - a scarf of resistance (worn)
Jewellery
 g - an amulet of regeneration (around neck)
 p - a ring of wizardry
 A - a +6 ring of strength (right hand)
 F - a ring of resist corrosion
 G - a ring of willpower (left hand)
 N - the ring "Xuvie" {Fly Will+ Str-5 Int+2 Slay+6}
   (You found it on level 4 of the Lair of Beasts)

   [ring of flight]

   Str:       It affects your strength (-5).
   Int:       It affects your intelligence (+2).
   Slay:      It affects your accuracy & damage with ranged weapons and melee
   (+6).
   Fly:       It grants you flight.
   Will:      It increases your willpower.
Wands
 v - a wand of flame (21)
 y - a wand of iceblast (23)
 E - a wand of digging (11)
Scrolls
 c - 6 scrolls of fear
 m - 2 scrolls of silence
 r - a scroll of enchant armour
 t - 2 scrolls of identify
 u - 5 scrolls of enchant weapon
 z - 2 scrolls of magic mapping
 B - a scroll of summoning
 C - 3 scrolls of fog
 K - a scroll of amnesia
 P - a scroll of brand weapon {unknown}
Potions
 f - 8 potions of heal wounds
 h - 4 potions of brilliance
 i - 2 potions of cancellation
 j - 5 potions of lignification {unknown}
 k - 3 potions of flight
 l - 4 potions of degeneration {unknown}
 o - 5 potions of resistance {unknown}
 s - 3 potions of ambrosia
 x - a potion of invisibility {unknown}
 D - 4 potions of curing {unknown}
 H - 2 potions of might
 L - a potion of attraction {unknown}
 M - a potion of magic {unknown}
Miscellaneous
 O - a phial of floods


   Skills:
 - Level 10.0 Fighting
 + Level 14.7 Maces & Flails
 - Level 2.0 Polearms
 - Level 3.0 Throwing
 + Level 11.1 Armour
 - Level 4.0 Shields
 + Level 13.3 Invocations
 - Level 3.0 Evocations


You had 12 spell levels left.
You didn't know any spells.
Your spell library contained the following spells:

 Spells                   Type           Power      Damage    Failure   Level
 Animate Skeleton         Necr           0%         N/A       91%         1
 Freeze                   Ice            0%         1d3       91%         1
 Pain                     Necr           0%         1d4       91%         1
 Sandblast                Erth           0%         2d4       91%         1
 Slow                     Hex            0%         N/A       91%         1
 Summon Small Mammal      Summ           0%         N/A       91%         1
 Passwall                 Tmut/Erth      0%         N/A       97%         2
 Call Canine Familiar     Summ           0%         N/A       99%         3
 Confusing Touch          Hex            0%         N/A       99%         3
 Conjure Flame            Conj/Fire      0%         6-21      99%         3
 Frozen Ramparts          Ice            0%         1d2       99%         3
 Gell's Gravitas          Tloc           0%         N/A       99%         3
 Ignite Poison            Fire/Tmut/Pois 0%         N/A       99%         3
 Stone Arrow              Conj/Erth      0%         3d7       99%         3
 Summon Guardian Golem    Hex/Summ       0%         N/A       99%         3
 Teleport Other           Tloc           0%         N/A       99%         3
 Vampiric Draining        Necr           0%         2d6       99%         3
 Hailstorm                Conj/Ice       0%         3d3       100%        4
 Ice Form                 Ice/Tmut       0%         N/A       100%        4
 Sticky Flame             Conj/Fire      0%         2d3       100%        4
 Summon Ice Beast         Ice/Summ       0%         N/A       100%        4
 Fireball                 Conj/Fire      0%         3d3       100%        5
 Iskenderun's Battlesphe  Conj           0%         2d6       100%        5
 Summon Forest            Summ/Tloc      0%         N/A       100%        5
 Conjure Ball Lightning   Conj/Air       0%         3x3d6     100%        6
 Dispersal                Tloc           0%         N/A       100%        6
 Eringya's Noxious Bog    Tmut/Pois      0%         N/A       100%        6
 Orb of Destruction       Conj           0%         9d5       100%        7
 Summon Hydra             Summ           0%         N/A       100%        7


Dungeon Overview and Level Annotations

Branches:
Dungeon (12/15)            Temple (1/1) D:7            Lair (5/6) D:9
 Shoals (0/4) Lair:2       Spider (0/4) Lair:2          Orc (0/2) D:9
Ossuary (visited)         Gauntlet (1/1)
  Slime: Lair:5-6

Altars:
Ashenzari
Cheibriados
Dithmenos
Elyvilon
Fedhas
Gozag
Hepliaklqana
Kikubaaqudgha
Makhleb
Nemelex Xobeh
Okawaru
Qazlal
Ru
Sif Muna
Trog
Uskayaw
Vehumet
Wu Jian
Xom
Yredelemnul
Zin
The Shining One
Jiyva

Shops:
D:2 [

Annotations:
D:9 3 runed translucent doors, dolemite99's ghost, journeyman OpEE
D:10 3 runed translucent doors, Antichthon's ghost, novice GrFi Gauntlet 13 transporters, exclusions: ice statue and 2 lightning spires


Innate Abilities, Weirdness & Mutations

You cannot be hasted, slowed, berserked, paralysed or teleported.
You can dig through walls and to a lower floor.
You have a pair of large antennae on your head. (SInv)
Your four strong arms can wield two-handed weapons with a shield.


Message History

You barely miss the large abomination.
The large abomination is heavily damaged.
The small abomination hits you. The large abomination hits you!
You bludgeon the large abomination!!
The large abomination is almost destroyed.
The large abomination completely misses you.
You hit the large abomination.
The large abomination is almost destroyed.
The small abomination hits you but does no damage.
The large abomination hits you!!
* * * LOW HITPOINT WARNING * * *
You sock the large abomination!
You destroy the large abomination!
Zin accepts your kill.
Okay, then.
Okay, then.
Unknown command.
Okay, then.
Zin grants you divine stamina.
You barely miss the small abomination.
The small abomination hits you but does no damage.
You barely miss the small abomination. You sock the small abomination!
The small abomination is moderately damaged.
You block the small abomination's attack.
You puncture the small abomination!
The small abomination is severely damaged.
You barely miss the small abomination.
The small abomination is severely damaged.
The small abomination hits you.
* * * LOW HITPOINT WARNING * * *
You bludgeon the small abomination!!
You destroy the small abomination!
Zin accepts your kill.
You impale the large abomination!!
The large abomination is heavily damaged.
You hit the large abomination but do no damage.
The large abomination is heavily damaged.
The large abomination hits you!!
You die...

###.###########.########
#.#...?©?=..#.#2....##
###.#.........#.#.^###.#
#8#.#..#...#..#.#.##.##.
###.#.........#.#.#.#.#.
#.#....©....#.#.#.#©#.
###.#.........#.#.#.#.#.
#8#.#..#X..#..#.#[#2##.#
###.#..@......#.#!##.^##
#.#.........#.#.|##...
###.####################
#8#.....#©...........©..
###≈....#############.##
####..............#.#≈
#8#..............#.##
###############..#.#.
#8# #8# #8#..#.#.


You could see a large abomination.

Vanquished Creatures
  A hydra (Lair:4)
  A catoblepas (Lair:2)
  3 two-headed ogres
  Urug (Lair:3)
  2 large abominations (Gauntlet)
  A skeletal warrior (D:11)
  A cyclops (D:11)
  5 elephants (Lair:5)
  5 black mambas
  A merfolk siren (Lair:2)
  12 cane toads
  A kobold demonologist (D:10)
  A rime drake (Lair:2)
  4 komodo dragons
  2 trolls (D:9)
  3 polar bears
  Grinder (D:3)
  A raiju (Gauntlet)
  3 blink frogs (Lair:3)
  31 yaks
  9 wyverns
  3 wraiths (D:11)
  3 vampire mosquitoes (D:11)
  3 basilisks
  6 steam dragons
  Edmund (D:4)
  An acid dragon (D:9)
  8 water moccasins
  Duvessa (D:5)
  2 orc warriors
  2 ice beasts
  4 wolves
  2 centaurs
  Blork the orc (D:5)
  2 phantoms (D:4)
  7 kobold brigands
  3 elf zombies (Ossuary)
  14 bullfrogs
  2 gnoll sergeants (D:9)
  3 small abominations (Gauntlet)
  4 necrophages
  7 scorpions
  Dowan (D:5)
  A hornet simulacrum (Gauntlet)
  27 killer bees
  4 electric eels (D:11)
  2 howler monkeys
  3 centaur zombies (Ossuary)
  2 orc priests (D:4)
  2 hounds
  A human zombie (Ossuary)
  2 jellies
  4 iguanas
  Natasha (thrice) (D:2)
  13 orc wizards
  6 hell rats (Lair:4)
  6 centaur simulacra
  2 mummies (Ossuary)
  3 adders
  4 white imps
  2 howler monkey simulacra (D:9)
  5 ufetubi
  An adder zombie (Ossuary)
  6 worms
  4 dart slugs
  31 orcs
  3 bats
  10 endoplasms
  3 giant cockroaches
  5 goblins
  6 hobgoblins
  5 jackals (D:1)
  37 kobolds
  2 quokkas (D:3)
  13 ball pythons
  A frilled lizard (D:1)
  6 hobgoblin zombies (Ossuary)
  9 kobold zombies (Ossuary)
  10 orc zombies (Ossuary)
  5 rats
  2 rat zombies (Ossuary)
  A butterfly (Lair:5)
421 creatures vanquished.

Vanquished Creatures (others)
  A shadow (D:9)
  24 demonic plants (Gauntlet)
  8 fungi
  11 plants
44 creatures vanquished.

Grand Total: 465 creatures vanquished

Notes
Turn   | Place    | Note
-------+----------+-------------------------------------------
     0 | D:1      | zeva the Formicid Wanderer began the quest for the Orb.
     0 | D:1      | zeva set off with the following items: a +1 trident, a +0
                  | buckler, a scroll of fear, a +0 leather armour
     0 | D:1      | Reached XP level 1. HP: 21/21 MP: 1/1
   265 | D:1      | Reached XP level 2. HP: 27/27 MP: 2/2
   661 | D:1      | Reached XP level 3. HP: 34/34 MP: 3/3
   712 | D:1      | Reached skill level 1 in Armour
   833 | D:1      | Found a faded altar of an unknown god.
  1114 | D:2      | Noticed Natasha
  1431 | D:2      | Found Oqomid's Antique Armour Emporium.
  1564 | D:2      | Reached XP level 4. HP: 40/40 MP: 4/4
  1933 | D:2      | Killed Natasha
  1976 | D:2      | Noticed Natasha
  2086 | D:2      | Killed Natasha
  2087 | D:2      | Reached XP level 5. HP: 36/46 MP: 5/5
  2119 | D:2      | Noticed Natasha
  2132 | D:2      | Killed Natasha
  2314 | D:3      | Reached skill level 1 in Throwing
  2314 | D:3      | Reached XP level 6. HP: 52/52 MP: 6/6
  2370 | D:3      | Noticed Grinder
  2761 | D:4      | Identified a scroll of acquirement
  2761 | D:4      | Acquired a +1 pair of boots of stealth
  2810 | D:4      | Found a sand-covered staircase.
  2818 | Ossuary  | Entered an ossuary
  2933 | Ossuary  | Reached skill level 5 in Armour
  2933 | Ossuary  | Reached skill level 1 in Evocations
  3003 | Ossuary  | Reached XP level 7. HP: 55/58 MP: 7/7
  3284 | D:4      | Reached XP level 8. HP: 59/68 MP: 8/8
  3761 | D:5      | Entered Level 5 of the Dungeon
  3761 | D:5      | Noticed Duvessa
  3761 | D:5      | Noticed Dowan
  4127 | D:5      | Noticed Blork the orc
  4145 | D:5      | Killed Blork the orc
  4213 | D:5      | Noticed Edmund
  4277 | D:4      | Killed Edmund
  4327 | D:5      | Reached XP level 9. HP: 76/77 MP: 9/9
  4464 | D:5      | Found a hide-covered altar of Uskayaw.
  4598 | D:5      | Reached skill level 1 in Maces & Flails
  5227 | D:6      | Found a blossoming altar of Fedhas.
  5367 | D:6      | Reached skill level 2 in Maces & Flails
  5597 | D:6      | Reached skill level 3 in Maces & Flails
  5607 | D:6      | Reached skill level 10 in Fighting
  5623 | D:6      | Reached skill level 4 in Maces & Flails
  5832 | D:7      | Identified the +2 hunting sling of Painful Death {flame,
                  | rElec Will+}
  5901 | D:7      | Found a staircase to the Ecumenical Temple.
  6112 | D:8      | Reached skill level 5 in Maces & Flails
  6200 | D:8      | Reached skill level 6 in Maces & Flails
  6273 | D:8      | Identified the +7 trident of Tomorrow {vorpal, rF+}
  6321 | D:8      | Reached XP level 10. HP: 85/85 MP: 10/10
  6369 | D:8      | Reached skill level 7 in Maces & Flails
  6601 | D:8      | Noticed a two-headed ogre
  6634 | D:8      | Killed a two-headed ogre
  6635 | D:8      | Reached skill level 8 in Maces & Flails
  6758 | D:8      | Reached skill level 9 in Maces & Flails
  6884 | Temple   | Entered the Ecumenical Temple
  7001 | Temple   | Became a worshipper of Zin the Law-Giver
  7001 | Temple   | Reached * piety under Zin
  7001 | Temple   | Reached ** piety under Zin
  7385 | D:5      | Killed Dowan
  7389 | D:5      | Killed Duvessa
  7464 | D:3      | Identified the +11 dagger "Geufed" {vorpal, rF+++ rC++
                  | Will- Dex+2}
  7524 | D:3      | Killed Grinder
  7525 | D:3      | Reached skill level 1 in Invocations
  7653 | D:3      | Found a burning altar of Makhleb.
  7845 | D:9      | Noticed a two-headed ogre
  7872 | D:9      | Killed a two-headed ogre
  7873 | D:9      | Reached skill level 10 in Maces & Flails
  7977 | D:9      | Found a radiant altar of Vehumet.
  8074 | D:9      | Reached XP level 11. HP: 89/90 MP: 13/13
  8088 | D:9      | Found a white marble altar of Elyvilon.
  8118 | D:9      | Found a runed translucent gate.
  8119 | D:9      | Found a runed translucent gate.
  8120 | D:9      | Found a runed translucent gate.
  8141 | D:9      | Found a staircase to the Lair.
  8203 | D:9      | Found a staircase to the Orcish Mines.
  8271 | D:9      | Reached skill level 11 in Maces & Flails
  8360 | D:9      | Found an opulent altar of Gozag.
  8363 | D:9      | Noticed a five-headed hydra
  8363 | D:9      | Noticed a centaur warrior
  8367 | D:9      | Noticed dolemite99's ghost (journeyman OpEE)
  8377 | D:9      | Found a shadowy altar of Dithmenos.
  8447 | D:9      | Reached skill level 5 in Invocations
  8986 | D:9      | Noticed a cyclops
  9003 | D:9      | Noticed a shock serpent
  9003 | D:9      | a cyclops changed into a shock serpent
  9032 | D:10     | Entered Level 10 of the Dungeon
  9130 | D:10     | Reached *** piety under Zin
  9177 | D:10     | Reached skill level 12 in Maces & Flails
  9450 | D:10     | Noticed a two-headed ogre
  9457 | D:10     | Killed a two-headed ogre
  9593 | D:10     | Found a runed translucent gate.
  9593 | D:10     | Found a runed translucent gate.
  9595 | D:10     | Found a runed translucent gate.
  9595 | D:10     | Noticed a great orb of eyes
  9597 | D:10     | Noticed Antichthon's ghost (novice GrFi)
  9600 | D:10     | Found a viscous altar of Jiyva.
  9621 | D:10     | Acquired the +10 dark maul {vorpal}
  9621 | D:10     | Found the +10 dark maul {vorpal}
  9760 | D:10     | You fall into a shaft and drop 2 floors!
 10068 | D:11     | Noticed a skeletal warrior
 10073 | D:11     | Killed a skeletal warrior
 10085 | D:11     | Reached **** piety under Zin
 10117 | D:11     | Found the +5 scythe "Finisher" {speed, eviscerate}
 10180 | D:11     | Noticed a cyclops
 10191 | D:11     | Killed a cyclops
 10192 | D:11     | Reached XP level 12. HP: 74/97 MP: 18/18
 10705 | D:9      | Noticed a death drake
 10731 | Lair:1   | Entered Level 1 of the Lair of Beasts
 10873 | Lair:1   | Reached skill level 13 in Maces & Flails
 11612 | Lair:2   | Noticed a catoblepas
 11689 | Lair:2   | Killed a catoblepas
 11690 | Lair:2   | Reached skill level 10 in Invocations
 12242 | Lair:2   | Found a hole to the Spider Nest.
 12254 | Lair:2   | Reached skill level 14 in Maces & Flails
 12325 | Lair:2   | Reached ***** piety under Zin
 12392 | Lair:2   | Found a staircase to the Shoals.
 12670 | Lair:2   | Reached XP level 13. HP: 98/103 MP: 21/21
 13169 | Lair:3   | Noticed Urug
 13184 | Lair:3   | Killed Urug
 13662 | Lair:4   | Reached skill level 10 in Armour
 14217 | Lair:4   | Identified the ring "Xuvie" {Fly Will+ Str-5 Int+2 Slay+6}
 14274 | Lair:4   | Noticed a four-headed hydra
 14282 | Lair:4   | Killed a four-headed hydra
 15139 | Lair:5   | Found a gate leading to a gauntlet.
 15155 | Gauntlet | Entered a Gauntlet
 15155 | Gauntlet | Found a transporter.
 15165 | Gauntlet | Found a transporter.
 15179 | Gauntlet | Found a transporter.
 15184 | Gauntlet | Found a transporter.
 15192 | Gauntlet | Noticed a catoblepas
 15201 | Gauntlet | Found a transporter.
 15219 | Gauntlet | Found a transporter.
 15231 | Gauntlet | Found a transporter.
 15243 | Gauntlet | Found a transporter.
 15252 | Gauntlet | Found a transporter.
 15253 | Gauntlet | Noticed a cacodemon
 15267 | Gauntlet | Found a transporter.
 15284 | Gauntlet | Found a transporter.
 15304 | Gauntlet | Found a transporter.
 15304 | Gauntlet | Found a transporter.
 15324 | Gauntlet | Found a transporter.
 15346 | Gauntlet | Found a transporter.
 15423 | Gauntlet | Found a transporter.
 15468 | Gauntlet | Found a transporter.
 15486 | Gauntlet | Found a transporter.
 15684 | Gauntlet | Mangled by a large abomination

Illustrated notes

Levels and vault maps discovered:
D:1:      dpeg_arrival_brainrot, layout_basic, chequers_ecumenical_altar_simple,
          minmay_quantized
D:2:      layout_basic, serial_shops, shop_coins, uniq_natasha
D:3:      layout_rooms, lemuel_round_altar, minmay_cupped, uniq_grinder
D:4:      layout_basic, nicolae_ossuary_entry_plus,
          minmay_misc_feat_four_crosses, solitary_fountain
D:5:      layout_cave_pools, eat_drink_and_be_merry_uskayaw, uniq_edmund,
          uniq_duvessa, uniq_blork_the_orc
D:6:      layout_basic, fedhas_altar_fruit_tree, kennysheep_generic_room_6
D:7:      layout_rooms, minmay_temple_entry_from_below_b
D:8:      wad_pebble_path, layout_loops_corners
D:9:      layout_roguey, grunt_dithmenos_smoke, fiery_altar_vehumet,
          mainiacjoe_overflow_alcove_1, lair_entry_dummy, orc_0_dummy,
          serial_ice, serial_ice_l, serial_ice_e, serial_ice_a, serial_ice_n,
          serial_ice_d, serial_ice_o, ebering_ghost_gozag,
          minmay_fractal_squares_diagonal_5
D:10:     layout_gridville, gammafunk_ghost_ooze
D:11:     layout_basic, serial_glass, glass_columns_b, glass_columns_a,
          minmay_misc_feat_doors, nrook_mini_vaults,
          minmay_guarded_unrand_finisher
D:12:     layout_cave_pools, uniq_josephine, uniq_nessos
Temple:   eino_temple_rhombus
Lair:1:   layout_regular_city, beast_lair_carwin_4
Lair:2:   layout_cave_shapes, minmay_shoals_entry_lonely_mermaid,
          nicolae_spider_entry_non_spiders
Lair:3:   layout_concentric_octagons, uniq_urug
Lair:4:   layout_big_grid, infiniplex_staircase_pool_2, grunt_megastairs_1,
          serial_bayou_shore_a, lemuel_fruit_fields
Lair:5:   layout_big_grid, gauntlet_entry_generic, gammafunk_ghost_hydra_chop,
          grunt_megastairs_4, serial_bayou_shore_b, lemuel_fruit_fields
Gauntlet: gammafunk_gauntlet_one_two_three [gammafunk_gauntlet_arena_teeth,
          nicolae_gauntlet_arena_grate_2, nicolae_gauntlet_arena_quarters,
          gammafunk_gauntlet_arena_hedges, gammafunk_gauntlet_arena_spirals,
          nicolae_gauntlet_arena_t_cross,
          gammafunk_gauntlet_arena_split_diamond,
          gammafunk_gauntlet_arena_chambers, nicolae_gauntlet_swirl,
          gauntlet_exit_hidden_loot]

Skill      XL: |  1  2  3  4  5  6  7  8  9 10 11 12 13 |
---------------+----------------------------------------+-----
Shields        | 4 |  4.0
Fighting       | 6 7 9 10 | 10.0
Armour         | 2 3 4 5 6 7 8 11 | 11.1
Throwing       | 1 2 3 |  3.0
Evocations     | 2 3 |  3.0
Maces & Flails | 6 10 12 14 | 14.7
Invocations    | 3 8 11 13 | 13.3
Polearms       | |  2.0

Action                   |  1- 3 |  4- 6 |  7- 9 | 10-12 | 13-15 || total
-------------------------+-------+-------+-------+-------+-------++-------
Melee: Trident           |    76 |   208 |   163 |       |       ||   447
       Unarmed           |       |     2 |       |       |       ||     2
       Dire flail        |       |       |   271 |   680 |   339 ||  1290
       Maul              |       |       |       |    13 |    27 ||    40
Throw: Dart              |       |     4 |     6 |    11 |     2 ||    23
Invok: Recite            |       |       |       |     2 |     2 ||     4
       Vitalisation      |       |       |       |       |     1 ||     1
 Abil: Dig               |       |       |       |       |     1 ||     1
Evoke: Wand              |       |       |       |     6 |       ||     6
  Use: Scroll            |       |    12 |     5 |     6 |     1 ||    24
       Potion            |       |       |       |       |     1 ||     1
 Stab: Sleeping          |     2 |     1 |       |       |       ||     3
Armor: Leather armour    |     4 |       |       |       |       ||     4
       Ring mail         |     7 |    91 |    82 |       |       ||   180
       Plate armour      |       |       |   289 |   459 |   170 ||   918
Dodge: Dodged            |    24 |   110 |   234 |   211 |    87 ||   666
Block: Buckler           |    17 |    68 |   145 |   155 |    54 ||   439

Table legend: (Time is in decaauts)
 A = Elapsed time spent in this place.
 B = Non-inter-level travel time spent in this place.
 C = Inter-level travel time spent in this place.
 D = Time resting spent in this place.
 E = Time spent auto-exploring this place.
 F = Levels seen in this place.
 G = Mean time per level.
                   A        B        C        D        E       F      G
               +--------+--------+--------+--------+--------+-----+--------+
         Total |  15627 |  14500 |   1127 |   1201 |   9079 |  20 |  781.3 |
       Dungeon |  10241 |   9241 |   1000 |    649 |   5722 |  12 |  853.4 |
        Temple |    175 |    151 |     24 |      0 |    137 |   1 |  175.0 |
          Lair |   4298 |   4196 |    102 |    499 |   2841 |   5 |  859.6 |
       Ossuary |    400 |    400 |      0 |      0 |     93 |   1 |  400.0 |
      Gauntlet |    510 |    510 |      0 |     53 |    285 |   1 |  510.0 |
               +--------+--------+--------+--------+--------+-----+--------+

Top non-repeatable levels by time:
     D:1: 1293 daAuts
  Lair:4: 1277 daAuts
  Lair:2: 1270 daAuts
     D:9: 1265 daAuts
     D:4: 1177 daAuts
     D:8: 1128 daAuts
     D:2: 956 daAuts
     D:5: 953 daAuts
    D:11: 856 daAuts
  Lair:1: 838 daAuts
     D:3: 801 daAuts
    D:10: 734 daAuts
  Lair:3: 692 daAuts
     D:6: 623 daAuts
Gauntlet: 510 daAuts
